 Dungeon Crawl Stone Soup version 0.21.1-1-g345015f (webtiles) character file.

151965 JeffiDaFish the Earth Mage (level 17, -2/97 HPs)
             Began as a Gargoyle Earth Elementalist on Apr 22, 2018.
             Was the Champion of Vehumet.
             Killed from afar by Bai Suzhen (31 damage)
             ... with a torrent of water
             ... on level 3 of the Snake Pit on Apr 23, 2018.
             The game lasted 02:38:35 (38074 turns).

JeffiDaFish the Earth Mage (GrEE)                  Turns: 38074, Time: 02:38:35

Health: -2/97      AC: 22    Str: 12    XL:     17   Next: 57%
Magic:  4/37       EV: 12    Int: 25    God:    Vehumet [******]
Gold:   1235       SH: 10    Dex: 10    Spells: 1/48 levels left

rFire    . . .     SeeInvis +   g - +9 dagger (speed)
rCold    + . .     Gourm    .   C - +2 buckler
rNeg     + . .     Faith    .   D - +2 robe of Repulsion {rPois Int+2 Slay+2}
rPois    ∞         Spirit   .   e - +2 hat {SInv}
rElec    +         Reflect  +   K - +0 cloak
rCorr    .         Harm     .   M - +2 pair of gloves
MR       +....     Clarity  +   (no boots)
Stlth    ++........             F - +3 amulet of reflection
HPRegen  0.66/turn              h - ring of wizardry
MPRegen  0.25/turn              y - ring of protection from cold

@: flying, studying Ice Magic
A: big wings, clarity, negative energy resistance 1, regeneration 1, electricity
resistance, unbreathing, petrification resistance, rot immunity, MP-powered
wands, AC +12
a: Stop Flying, Renounce Religion


You were on level 3 of the Snake Pit.
You worshipped Vehumet.
Vehumet was exalted by your worship.
You were very hungry.

You visited 5 branches of the dungeon, and saw 28 of its levels.
You also visited: Ossuary and Ice Cave.

You collected 2689 gold pieces.
You spent 1454 gold pieces at shops.

Inventory:

Hand Weapons
 b - the +8 quarterstaff of Victory {crush, rElec rPois Dex-3}
   (You found it on level 6 of the Lair of Beasts)

   It inflicts extra damage upon your enemies.
   It affects your dexterity (-3).
   It insulates you from electricity.
   It protects you from poison.
 g - a +9 dagger of speed (weapon)
Missiles
 L - 246 stones (quivered)
Armour
 e - a +2 hat of see invisible (worn)
 C - a +2 buckler (worn)
 D - the +2 robe of Repulsion (worn) {rPois Int+2 Slay+2}
   (You bought it in a shop on level 10 of the Dungeon)

   It affects your intelligence (+2).
   It affects your accuracy and damage with ranged weapons and melee attacks
   (+2).
   It protects you from poison.
 I - a +2 hat of magic resistance
 K - a +0 cloak (worn)
 M - a +2 pair of gloves (worn)
Jewellery
 h - a ring of wizardry (left hand)
 n - an uncursed ring of see invisible
 y - a ring of protection from cold (right hand)
 F - a +3 amulet of reflection (around neck)
 H - an uncursed amulet of the gourmand
 O - a +5 ring of protection
Wands
 a - a wand of iceblast (69)
 o - a wand of digging (28)
 J - a wand of scattershot (12)
 Q - a wand of polymorph (17)
Scrolls
 l - 10 scrolls of remove curse
 m - 6 scrolls of fear
 q - 12 scrolls of teleportation
 r - 6 scrolls of magic mapping
 x - 3 scrolls of fog
 z - 3 scrolls of enchant weapon
 E - 6 scrolls of identify
 P - a scroll of enchant armour
Potions
 c - 3 potions of mutation
 f - 9 potions of curing
 k - 2 potions of agility
 p - 6 potions of haste
 s - 5 potions of brilliance
 w - 2 potions of magic
 A - a potion of invisibility
 B - 5 potions of might
 G - a potion of resistance
Books
 i - a manual of Ice Magic
 j - a book of Power

   Spells                             Type                      Level
   a - Iskenderun's Battlesphere      Conjuration/Charms           5
   b - Venom Bolt                     Conjuration/Poison           5
   c - Bolt of Magma                  Conjuration/Fire/Earth       5
   d - Iron Shot                      Conjuration/Earth            6
   e - Orb of Destruction             Conjuration                  7
   f - Spellforged Servitor           Conjuration/Summoning        7
 t - a book of Necromancy

   Spells                             Type                      Level
   a - Pain                           Necromancy                   1
   b - Animate Skeleton               Necromancy                   1
   c - Vampiric Draining              Necromancy                   3
   d - Regeneration                   Charms/Necromancy            3
   e - Animate Dead                   Necromancy                   4
   f - Borgnjor's Vile Clutch         Necromancy/Earth             5
 v - a manual of Ice Magic
 N - a book of Clouds

   Spells                             Type                      Level
   a - Poisonous Vapours              Poison/Air                   2
   b - Mephitic Cloud                 Conjuration/Poison/Air       3
   c - Conjure Flame                  Conjuration/Fire             3
   d - Freezing Cloud                 Conjuration/Ice/Air          6
   e - Ring of Flames                 Charms/Fire                  7
 R - a book of Ice

   Spells                             Type                      Level
   a - Ice Form                       Ice/Transmutation            4
   b - Metabolic Englaciation         Hexes/Ice                    5
   c - Ozocubu's Refrigeration        Ice                          6
   d - Bolt of Cold                   Conjuration/Ice              6
   e - Freezing Cloud                 Conjuration/Ice/Air          6
   f - Simulacrum                     Ice/Necromancy               6
Comestibles
 d - 48 rations


   Skills:
 - Level 8.0 Fighting
 - Level 5.3 Short Blades
 - Level 2.1 Dodging
 - Level 2.1 Stealth
 - Level 6.2 Shields
 * Level 16.2 Spellcasting
 * Level 13.2 Conjurations
 + Level 5.6 Necromancy
   Level 0.7 Transmutations
 * Level 20.3 Earth Magic


You had one spell level left.
You knew the following spells:

 Your Spells              Type           Power        Failure   Level  Hunger
a - Sandblast             Erth           ######       0%          1    None
b - Stone Arrow           Conj/Erth      ######       0%          3    None
c - Lee's Rapid Deconstr  Erth           #######...   0%          5    None
d - Blink                 Tloc           N/A          1%          2    None
e - Mephitic Cloud        Conj/Pois/Air  #####...     1%          3    None
f - Borgnjor's Vile Clut  Necr/Erth      ######....   1%          5    None
g - Force Lance           Conj/Tloc      ######..     1%          4    None
h - Lehudib's Crystal Sp  Conj/Erth      #######...   2%          8    #######
i - Bolt of Draining      Conj/Necr      ######....   1%          5    None
j - Bolt of Magma         Conj/Fire/Erth ######....   1%          5    None
k - Iron Shot             Conj/Erth      #######...   1%          6    ####...


Dungeon Overview and Level Annotations

Branches:
Dungeon (15/15)            Temple (1/1) D:6            Lair (6/6) D:9
 Shoals (0/4) Lair:2        Snake (4/4) Lair:3        Slime (0/5) Lair:6
    Orc (2/2) D:10            Elf (0/3) Orc:2        Vaults (0/5) D:14
 Depths (0/5) D:15

Altars:
Ashenzari
Cheibriados
Dithmenos
Elyvilon
Fedhas
Gozag
Hepliaklqana
Kikubaaqudgha
Makhleb
Nemelex Xobeh
Okawaru
Qazlal
Ru
Sif Muna
Trog
Uskayaw
Vehumet
Wu Jian
Xom
Yredelemnul
Zin
The Shining One
Beogh

Shops:
D:4 }   D:8 :   D:10 :[[?(   D:12 =   D:13 %!   Orc:1 =   Orc:2 ?*[%

Annotations:
Lair:2 dudepal's ghost, journeyman DDFi
Lair:6 exclusion: 2 oklob plants
Snake:3 Bai Suzhen


Innate Abilities, Weirdness & Mutations

You are resistant to torment.
Your stone body is resilient. (AC +12)
You are immune to poison.
Your large and strong wings let you fly indefinitely.
You resist negative energy. (rN+)
You are resistant to electric shocks. (rElec)
You can survive without breathing.
You are immune to petrification.
You are immune to rotting.
You possess an exceptional clarity of mind.
Your natural rate of healing is unusually fast.
You expend magic power (3 MP) to strengthen your wands.


Message History

Bai Suzhen tramples you but does no damage.
Casting: Iron Shot
Confirm with . or Enter, or press ? or * to list all spells.
The anaconda's grasp on you weakens, but your attempt to escape fails.
You are standing in a thunderstorm.
The anaconda bites you but does no damage.
The anaconda constricts you. The anaconda bites you.
* * * LOW HITPOINT WARNING * * *
The anaconda constricts you. Bai Suzhen completely misses you.
Bai Suzhen claws you but does no damage.
You block Bai Suzhen's attack.
Casting: Blink
Confirm with . or Enter, or press ? or * to list all spells.
Okay, then.
Casting: Blink
Confirm with . or Enter, or press ? or * to list all spells.
You escape the anaconda's grasp.
You blink.
You are standing in a thunderstorm.
Bai Suzhen breathes water at you. The torrent of water hits you!
You die...

.....#...######..###.########.###
....##....##...##...## #..###.#
.....#......#####.#.# ##...##.##
...#.....#### ##.#.# #....###.#
...##.##.## ###..######....###.#
..###..÷..####.#.###.##......##..
..# ##.###.##....###.##.......)).
..# #.## ###..S...##.###.........
#####.# ##..§D@.##.....########
##...## #....###....#### ###...
.....## #..### #....# ####..###
......### ##.# ##....###..####
..#.##..####.####........###
...#####..#....#..#....###.###
.##.# ###.......###....# #...##
###.# #..........###...###....#
##..####.........###....##....#


You could see Bai Suzhen and an anaconda.

Vanquished Creatures
  Gastronok (Lair:2)
  Frances (D:14)
  2 nagarajas (Snake:1)
  An orc warlord (Orc:1)
  An entropy weaver (shapeshifter) (D:14)
  A stone giant (Orc:2)
  The ghost of VictoriousLee the Carver, a journeyman DsAK of Lugonu (Lair:6)
  Snorg (D:11)
  The ghost of antares the Transmogrifier, a journeyman DrTm of Elyvilon (Lair:2)
  5 hydras
  10 naga warriors
  A catoblepas (Lair:4)
  A vault guard (D:14)
  5 two-headed ogres
  13 anacondas
  2 centaur warriors (D:14)
  A death knight (D:15)
  A tengu warrior (D:15)
  8 death yaks
  2 naga sharpshooters
  Urug (Lair:3)
  4 shock serpents
  3 unseen horrors
  A naga ritualist (Snake:2)
  Pikel (D:8)
  5 orc knights
  A wolf spider zombie (D:15)
  2 necromancers
  3 mana vipers
  10 orc sorcerers (Orc:2)
  14 ugly things
  3 deep elf magi
  7 salamanders
  14 elephants
  3 centaur zombies
  2 cyclopes (D:12)
  An ice statue (IceCv)
  10 naga magi
  23 black mambas
  4 guardian serpents
  29 spiny frogs
  A gargoyle (D:12)
  A yaktaur (D:15)
  13 freezing wraiths
  7 komodo dragons
  A tengu conjurer (D:15)
  8 trolls
  2 polar bears
  A queen bee (D:10)
  4 hornets
  29 blink frogs
  5 tyrant leeches (Lair:6)
  7 slime creatures
  A harpy skeleton (D:15)
  8 hippogriffs
  A redback (shapeshifter) (D:15)
  12 spriggans (Lair:4)
  2 shadows
  A human (D:8)
  A wyvern (D:9)
  Sigmund (D:3)
  2 wraiths
  Eustachio (D:5)
  2 water elementals (D:14)
  A vampire (D:10)
  5 basilisks
  3 hogs (D:8)
  45 yaks
  2 hungry ghosts
  The ghost of SpoonFarmer the Conjurer, an amateur DrCj (D:4)
  14 vampire mosquitoes
  5 wargs
  2 acid dragons
  39 nagas
  17 water moccasins
  12 porcupines
  3 floating eyes (D:12)
  9 ice beasts
  6 sky beasts
  19 orc warriors
  2 phantoms
  3 black bears
  An alligator simulacrum (IceCv)
  An eye of draining (D:11)
  13 ogres
  28 wolves
  3 boggarts (Lair:4)
  12 centaurs
  14 crocodiles
  4 big kobolds
  23 bullfrogs
  2 wyvern zombies
  A gnoll sergeant (D:8)
  A water moccasin skeleton (D:11)
  A wyvern skeleton (D:6)
  2 scorpions
  11 wights
  24 killer bees (D:10)
  2 howler monkeys
  An electric eel (Lair:5)
  7 draconian simulacra (IceCv)
  10 crimson imps
  A bullfrog zombie (D:12)
  5 hounds
  A gnoll shaman (D:4)
  2 human zombies (Ossuary)
  18 orc priests
  4 bullfrog skeletons
  A jelly (D:9)
  47 orc wizards
  3 centaur skeletons
  Ijyb (D:3)
  5 iguanas
  12 worker ants
  A polar bear simulacrum (IceCv)
  7 yak simulacra (Lair:6)
  2 spriggan simulacra (IceCv)
  A statue (D:6)
  5 troll simulacra (IceCv)
  5 wolf simulacra
  3 centaur simulacra (IceCv)
  A hound zombie (Ossuary)
  4 mummies (Ossuary)
  2 worker ant zombies
  Robin (D:2)
  12 gnolls
  14 adders
  3 naga simulacra (IceCv)
  3 shadow imps
  12 white imps (IceCv)
  2 adder skeletons
  3 adder zombies
  A worm (D:2)
  2 dart slugs
  7 leopard geckos
  101 orcs
  A ball python (D:3)
  3 bats
  3 giant cockroaches
  A gnoll zombie (Ossuary)
  21 goblins
  17 hobgoblins
  5 jackals
  3 quokkas
  4 frilled lizards
  A goblin zombie (Ossuary)
  2 hobgoblin zombies (Ossuary)
  22 kobolds
  A kobold zombie (Ossuary)
  A leopard gecko skeleton (D:4)
  9 rats
  3 rat zombies (Ossuary)
  A river rat simulacrum (Lair:6)
  3 fungi
  4 plants
1057 creatures vanquished.

Vanquished Creatures (others)
  A centaur warrior (D:15)
  A cyclops (D:12)
  2 centaurs
  An orc (Orc:1)
  A bush (Lair:4)
  33 fungi
  61 plants
100 creatures vanquished.

Grand Total: 1157 creatures vanquished

Notes
Turn   | Place    | Note
-------+----------+-------------------------------------------
     0 | D:1      | JeffiDaFish the Gargoyle Earth Elementalist began the quest for the Orb.
     0 | D:1      | Reached XP level 1. HP: 10/10 MP: 3/3
   332 | D:1      | Reached XP level 2. HP: 15/15 MP: 0/5
   335 | D:1      | Reached skill level 4 in Earth Magic
   707 | D:1      | Reached XP level 3. HP: 19/19 MP: 6/6
   975 | D:1      | Learned a level 3 spell: Stone Arrow
  1100 | D:2      | Gained mutation: You expend magic power (3 MP) to strengthen your wands. [potion of mutation]
  1100 | D:2      | Gained mutation: You possess an exceptional clarity of mind. [potion of mutation]
  1100 | D:2      | Gained mutation: You evolve. [potion of mutation]
  1587 | D:2      | Reached XP level 4. HP: 22/24 MP: 0/8
  1611 | D:2      | Noticed Robin
  1784 | D:2      | Reached skill level 5 in Earth Magic
  1801 | D:2      | Killed Robin
  2145 | D:3      | Found a shattered altar of Ashenzari.
  2342 | D:3      | Noticed Ijyb
  2372 | D:3      | Killed Ijyb
  2372 | D:3      | Reached XP level 5. HP: 20/28 MP: 0/10
  3206 | D:3      | Noticed Sigmund
  3216 | D:3      | Learned a level 5 spell: Lee's Rapid Deconstruction
  3235 | D:3      | Killed Sigmund
  3235 | D:3      | Reached skill level 6 in Earth Magic
  3235 | D:3      | Reached XP level 6. HP: 30/32 MP: 3/12
  3420 | D:3      | Gained mutation: Your natural rate of healing is unusually fast. [evolution]
  3420 | D:3      | Lost mutation: You evolve. [end of evolution]
  3743 | D:4      | Reached skill level 5 in Spellcasting
  3743 | D:4      | Reached skill level 7 in Earth Magic
  3743 | D:4      | Reached XP level 7. HP: 36/36 MP: 10/14
  3980 | D:4      | Found Ruirurop's Gadget Shoppe.
  4058 | D:4      | Noticed SpoonFarmer's ghost (amateur DrCj)
  4062 | D:4      | Killed SpoonFarmer's ghost
  4062 | D:4      | Reached skill level 8 in Earth Magic
  4141 | D:4      | Found a sand-covered staircase.
  4151 | Ossuary  | Entered an ossuary
  4293 | Ossuary  | Reached XP level 8. HP: 41/41 MP: 5/16
  5034 | D:4      | Reached skill level 9 in Earth Magic
  5262 | D:4      | Found a sparkling altar of Nemelex Xobeh.
  5426 | D:5      | Entered Level 5 of the Dungeon
  5739 | D:5      | Noticed Eustachio
  5746 | D:5      | Killed Eustachio
  5746 | D:5      | Reached skill level 10 in Earth Magic
  5762 | D:5      | Reached XP level 9. HP: 45/45 MP: 7/20
  6578 | D:6      | Found a staircase to the Ecumenical Temple.
  6598 | D:6      | Found a basalt altar of Yredelemnul.
  6609 | Temple   | Entered the Ecumenical Temple
  6885 | D:6      | Found a radiant altar of Vehumet.
  6892 | D:6      | Became a worshipper of Vehumet
  6982 | D:6      | Found a deep blue altar of Sif Muna.
  7119 | D:6      | Found a shadowy altar of Dithmenos.
  7169 | D:6      | Found a bloodstained altar of Trog.
  7182 | D:6      | Found a hide-covered altar of Uskayaw.
  7289 | D:6      | Reached skill level 11 in Earth Magic
  7887 | D:7      | Found an iron altar of Okawaru.
  8073 | D:8      | Reached * piety under Vehumet
  8073 | D:8      | Offered knowledge of Flame Tongue by Vehumet.
  8219 | D:8      | Noticed Pikel
  8229 | D:8      | Killed Pikel
  8229 | D:8      | Reached skill level 12 in Earth Magic
  8229 | D:8      | Reached XP level 10. HP: 37/50 MP: 7/23
  8468 | D:8      | Learned a level 2 spell: Blink
  8472 | D:8      | Learned a level 3 spell: Mephitic Cloud
  8478 | D:8      | Learned a level 5 spell: Borgnjor's Vile Clutch
  8525 | D:8      | Found Xoelar's Book Shop.
  9017 | D:9      | Reached skill level 10 in Spellcasting
  9163 | D:9      | Reached skill level 1 in Shields
  9163 | D:9      | Reached skill level 1 in Conjurations
  9163 | D:9      | Offered knowledge of Sting by Vehumet.
  9163 | D:9      | Reached skill level 13 in Earth Magic
  9164 | D:9      | Reached ** piety under Vehumet
  9297 | D:9      | Found a staircase to the Lair.
  9904 | D:9      | Reached XP level 11. HP: 54/54 MP: 20/25
 10078 | Lair:1   | Entered Level 1 of the Lair of Beasts
 10082 | Lair:1   | Offered knowledge of Ignite Poison by Vehumet.
 10381 | Lair:1   | Found a blossoming altar of Fedhas.
 10748 | Lair:2   | Noticed antares's ghost (journeyman DrTm)
 10749 | Lair:2   | Reached skill level 14 in Earth Magic
 10822 | Lair:2   | Killed antares's ghost
 10869 | Lair:2   | Reached *** piety under Vehumet
 10976 | Lair:2   | Found a staircase to the Shoals.
 11208 | Lair:2   | Noticed Gastronok
 11554 | Lair:2   | Offered knowledge of Force Lance by Vehumet.
 11554 | Lair:2   | Reached XP level 12. HP: 59/59 MP: 24/27
 11560 | Lair:2   | Learned a level 4 spell: Force Lance
 11616 | Lair:2   | Noticed dudepal's ghost (journeyman DDFi)
 11798 | Lair:2   | Reached skill level 5 in Shields
 11798 | Lair:2   | Reached skill level 5 in Conjurations
 12200 | Lair:2   | Killed Gastronok
 12461 | Lair:3   | Reached skill level 15 in Earth Magic
 12882 | Lair:3   | Found a staircase to the Snake Pit.
 13523 | Lair:3   | Reached **** piety under Vehumet
 13584 | Lair:3   | Noticed Urug
 13603 | Lair:3   | Killed Urug
 13791 | Lair:3   | Reached skill level 1 in Fighting
 14379 | Lair:4   | Noticed an eight-headed hydra
 14389 | Lair:4   | Offered knowledge of Irradiate by Vehumet.
 14406 | Lair:4   | Noticed a catoblepas
 14422 | Lair:4   | Reached XP level 13. HP: 55/66 MP: 2/29
 14720 | Lair:4   | Reached skill level 16 in Earth Magic
 15897 | Lair:4   | Reached ***** piety under Vehumet
 15897 | Lair:4   | Offered knowledge of Sticky Flame by Vehumet.
 16097 | Lair:4   | Reached skill level 1 in Necromancy
 17186 | Lair:5   | Reached skill level 5 in Fighting
 17202 | Lair:5   | Reached skill level 17 in Earth Magic
 17246 | Lair:5   | Gained mutation: Your large and strong wings let you fly indefinitely. [Gargoyle growth]
 17246 | Lair:5   | Reached XP level 14. HP: 78/78 MP: 5/31
 17941 | Lair:6   | Entered Level 6 of the Lair of Beasts
 18025 | Lair:6   | Got an iridescent quarterstaff
 18058 | Lair:6   | Found a staircase to the Slime Pits.
 19388 | Lair:5   | Learned a level 3 spell: Vampiric Draining
 19597 | Lair:6   | Noticed VictoriousLee's ghost (journeyman DsAK)
 19615 | Lair:6   | Killed VictoriousLee's ghost
 20160 | Lair:6   | Offered knowledge of Lightning Bolt by Vehumet.
 20514 | Lair:6   | Reached skill level 18 in Earth Magic
 20547 | Lair:6   | Identified the +8 quarterstaff of Victory {crush, rElec rPois Dex-3} (You found it on level 6 of the Lair of Beasts)
 21320 | D:10     | Entered Level 10 of the Dungeon
 21358 | D:10     | Found Jeeqob's Magic Scroll Emporium.
 21476 | D:10     | Found Latwoan's Weapon Shop.
 21719 | D:10     | Reached XP level 15. HP: 82/86 MP: 29/33
 21722 | D:10     | Found Dagredy's Antique Armour Boutique.
 21730 | D:10     | Bought a warped robe for 165 gold pieces
 21740 | D:10     | Identified the cursed +1 robe of Awe {-Cast Regen+ MP-9 Int+4} (You bought it in a shop on level 10 of the Dungeon)
 21754 | D:10     | Found Soery's Antique Armour Boutique.
 21789 | D:10     | Bought a thick robe for 165 gold pieces
 21789 | D:10     | Bought a pair of glowing gloves for 217 gold pieces
 21799 | D:10     | Identified the +2 robe of Repulsion {rPois Int+2 Slay+2} (You bought it in a shop on level 10 of the Dungeon)
 21810 | D:10     | Bought a shiny helmet for 217 gold pieces
 21905 | D:10     | Found Woima's Book Emporium.
 21935 | D:10     | Bought a book of Power for 450 gold pieces
 22251 | D:10     | Found a staircase to the Orcish Mines.
 22361 | D:11     | Offered knowledge of Bolt of Draining by Vehumet.
 22368 | D:11     | Learned a level 5 spell: Bolt of Draining
 22374 | D:11     | Learned a level 5 spell: Bolt of Magma
 22587 | D:11     | Noticed Snorg
 22594 | D:11     | Killed Snorg
 23301 | D:12     | Paralysed by a floating eye for 4 turns
 23311 | D:12     | Paralysed by a floating eye for 4 turns
 23837 | D:12     | Identified the +4 dagger "Spiderslayer" {pierce, Str+4} (You found it on level 12 of the Dungeon)
 23859 | D:12     | Reached skill level 10 in Conjurations
 24092 | D:12     | Found Neptodur's Jewellery Boutique.
 24437 | D:13     | Found Yrhyviti's Distillery.
 24469 | D:13     | Bought a potion of magic for 128 gold pieces
 24702 | D:13     | Found Fuimm's Food Boutique.
 25413 | D:14     | Reached skill level 1 in Short Blades
 25942 | D:14     | Offered knowledge of Poison Arrow by Vehumet.
 26037 | D:14     | Found a gate to the Vaults.
 26128 | D:14     | Noticed Frances
 26135 | D:14     | Killed Frances
 26274 | D:14     | Learned a level 6 spell: Iron Shot
 26584 | D:14     | Reached skill level 15 in Spellcasting
 26994 | D:15     | Entered Level 15 of the Dungeon
 27209 | D:15     | Reached skill level 19 in Earth Magic
 27529 | D:15     | Reached XP level 16. HP: 93/93 MP: 29/35
 27539 | D:15     | Found a frozen archway.
 27554 | IceCv    | Entered an ice cave
 27705 | IceCv    | Reached ****** piety under Vehumet
 28210 | IceCv    | Offered knowledge of Bolt of Fire by Vehumet.
 28613 | IceCv    | Found an ancient bone altar of Kikubaaqudgha.
 28975 | D:15     | Found a staircase to the Depths.
 29291 | Orc:1    | Entered Level 1 of the Orcish Mines
 29293 | Orc:1    | Found Muluy's Jewellery Emporium.
 29400 | Orc:1    | Found a deep blue altar of Sif Muna.
 29435 | Orc:1    | Identified Sif Muna's Papyrus of the Blaze
 29591 | Orc:2    | Entered Level 2 of the Orcish Mines
 29600 | Orc:2    | Found a staircase to the Elven Halls.
 30126 | Orc:2    | Offered knowledge of Conjure Ball Lightning by Vehumet.
 30193 | Orc:2    | Found Vumedomo's Magic Scroll Boutique.
 30300 | Orc:2    | Bought a scroll of enchant armour for 112 gold pieces
 30302 | Orc:2    | Found Keexeumn's General Store.
 30359 | Orc:2    | Found a roughly hewn altar of Beogh.
 30375 | Orc:2    | Paralysed by an orc sorcerer for 7 turns
 30708 | Orc:2    | Found Ufiddyad's Antique Armour Boutique.
 30708 | Orc:2    | Found Vedad's Food Emporium.
 31839 | Snake:1  | Entered Level 1 of the Snake Pit
 31968 | Snake:1  | Offered knowledge of Bolt of Cold by Vehumet.
 33361 | Snake:1  | Noticed a nagaraja
 33367 | Snake:1  | Killed a nagaraja
 33383 | Snake:1  | Reached skill level 5 in Necromancy
 33735 | Snake:1  | Reached XP level 17. HP: 97/97 MP: 26/36
 33820 | Snake:1  | Identified Sif Muna's Catalogue of Shifting Weightlessness
 34487 | Snake:2  | Reached skill level 5 in Short Blades
 34899 | Snake:2  | Reached skill level 20 in Earth Magic
 35119 | Snake:2  | Offered knowledge of Lehudib's Crystal Spear by Vehumet.
 35119 | Snake:2  | Offered knowledge of Fire Storm by Vehumet.
 35119 | Snake:2  | Offered knowledge of Shatter by Vehumet.
 35341 | Snake:2  | Identified a scroll of acquirement
 35342 | Snake:2  | Got a distressingly furry crystal plate armour
 35353 | Snake:2  | Identified the +1 crystal plate armour of the Forsaken Princes {-Cast rElec Dex+4} (You acquired it on level 2 of the Snake Pit)
 37742 | Snake:3  | Learned a level 8 spell: Lehudib's Crystal Spear
 37914 | Snake:4  | Entered Level 4 of the Snake Pit
 37921 | Snake:4  | Noticed Bai Suzhen
 38074 | Snake:3  | Killed from afar by Bai Suzhen

Skill      XL: |  1  2  3  4  5  6  7  8  9 10 11 12 13 14 15 16 17 |
---------------+----------------------------------------------------+-----
Earth Magic    | 4 5 6 7 8 10 12 13 14 15 17 18 19 20 | 20.3
Spellcasting   | 3 4 5 7 9 10 11 12 13 14 15 16 | 16.2
Shields        | 2 4 6 |  6.2
Conjurations   | 2 4 6 8 9 10 12 13 | 13.2
Fighting       | 2 5 7 8 |  8.0
Necromancy     | 2 3 5 |  5.6
Dodging        | 2 |  2.1
Short Blades   | 3 4 5 |  5.3
Stealth        | |  2.1
Transmutations | |  0.7

Action                   |  1- 3 |  4- 6 |  7- 9 | 10-12 | 13-15 | 16-18 || total
-------------------------+-------+-------+-------+-------+-------+-------++-------
Melee: Unarmed           |     7 |       |       |       |       |       ||     7
       Whip              |    28 |       |       |       |       |       ||    28
       Dagger            |    79 |   191 |   247 |   206 |   508 |   412 ||  1643
 Cast: Sandblast         |    19 |    29 |    91 |   181 |   132 |    13 ||   465
       Stone Arrow       |     7 |     5 |    32 |    80 |   194 |    69 ||   387
       Lee's Rapid Decon |       |       |    17 |    21 |    69 |    60 ||   167
       Borgnjor's Vile C |       |       |       |    26 |   131 |    79 ||   236
       Mephitic Cloud    |       |       |       |    16 |    12 |       ||    28
       Blink             |       |       |       |     9 |     3 |     3 ||    15
       Force Lance       |       |       |       |     4 |    13 |       ||    17
       Bolt of Draining  |       |       |       |       |    33 |    80 ||   113
       Bolt of Magma     |       |       |       |       |    23 |    94 ||   117
       Vampiric Draining |       |       |       |       |     1 |       ||     1
       Iron Shot         |       |       |       |       |       |     9 ||     9
       Lehudib's Crystal |       |       |       |       |       |     1 ||     1
 Abil: Fly               |       |       |       |       |     1 |       ||     1
  Use: Scroll            |     4 |     7 |    12 |     8 |    12 |     4 ||    47
       Potion            |     2 |     3 |     6 |     2 |     2 |     3 ||    18
 Stab: Sleeping          |     3 |     2 |     1 |       |       |     1 ||     7
       Distracted        |       |     1 |       |       |     2 |       ||     3
       Confused          |       |       |       |     1 |       |       ||     1
  Eat: Chunk             |     3 |     8 |    19 |    25 |    45 |    18 ||   118
       Ration            |       |       |       |       |     5 |     5 ||    10
Armor: Robe              |    35 |    52 |   119 |   166 |   315 |   151 ||   838
Dodge: Dodged            |    57 |    76 |   154 |   230 |   274 |   163 ||   954
Block: Buckler           |       |       |       |   145 |   288 |   156 ||   589
       Reflection        |       |       |       |     2 |    19 |    26 ||    47
